 Dungeon Crawl Stone Soup version 0.27-a0-1140-g099f9bb0e8 (console) character file.

Game seed: 12271660317592060574

115 jejorda2 the Poker (level 5, 0/63 HPs)
             Began as a Merfolk Berserker on May 9, 2021.
             Was a Follower of Trog.
             Slain by a goblin
             ... wielding a +0 dagger
             ... led by Robin
              (2 damage)
             ... on level 2 of the Dungeon.
             The game lasted 00:03:36 (1497 turns).

jejorda2 the Poker (Merfolk Berserker)              Turns: 1497, Time: 00:03:37

Health: 0/63       AC: 22    Str: 17 (18) XL:     5   Next: 0%
Magic:  5/5        EV:  2    Int:  5 (6)  God:    Trog [*.....]
Gold:   117        SH:  0    Dex: 13 (14) Spells: 4/4 levels left

rFire    . . .     SeeInvis .   a - +0 spear
rCold    . . .     Faith    .   (no shield)
rNeg     + + +     Spirit   .   (armour currently unavailable)
rPois    +         Reflect  .   (helmet currently unavailable)
rElec    .         Harm     .   (cloak currently unavailable)
rCorr    .         Rampage  .   (gloves currently unavailable)
Will     .....     NoTele   +   (boots currently unavailable)
Stlth    +.........             (no amulet)
HPRegen  0.20/turn              g - +4 ring of evasion
MPRegen  0.09/turn              (no ring)

@: tree-form, on berserk cooldown, attractive, hasted, very quick
A: stationary, stasis, torment immunity, boosted hp, (nimble swimmer 2),
(mertail)
a: Renounce Religion, Berserk


You were on level 2 of the Dungeon.
You worshipped Trog.
Trog was aware of your devotion.
You were a tree.
You visited 1 branch of the dungeon, and saw 2 of its levels.

You collected 117 gold pieces.

Inventory:

Hand Weapons
 a - a +0 spear (weapon)
Armour
 e - a +0 ring mail (melded)
Jewellery
 g - a +4 ring of evasion (left branch)
Scrolls
 b - a scroll of enchant armour {unknown}
 i - a scroll of immolation {unknown}
 j - a scroll of blinking {unknown}
 k - a scroll of summoning {unknown}
 l - a scroll of identify {unknown}


   Skills:
 + Level 4.1 Fighting
 * Level 6.4 Polearms
 + Level 2.1 Armour
 - Level 2.6 Dodging


You had 4 spell levels left.
You didn't know any spells.
Your spell library was empty.

Dungeon Overview and Level Annotations

Branches:
Dungeon (2/15)

Altars:
Yredelemnul

Annotations:
D:2 Natasha


Innate Abilities, Weirdness & Mutations

You are a tree.
Your roots penetrate the ground, keeping you stationary.
You cannot be teleported.
You are immune to unholy pain and torment.
Your maximum health is greatly increased.
Your equipment is partially melded.
((You are quick and stealthy near water. (Stealth+, EV+, Speed+++)))
((Your lower body shifts to a powerful aquatic tail in water.))


Message History

You hit Robin.
You kill Robin!
Trog accepts your kill. The goblin hits you but does no damage.
The goblin hits you with a +0 dagger.
* * * LOW HITPOINT WARNING * * *
The goblin unwields a +0 dagger.
The goblin wields a +0 hunting sling.
The goblin shoots a sling bullet.
The sling bullet barely misses you.
The sling bullet misses the goblin.
The goblin is pulled toward you!
You hit the goblin.
You kill the goblin!
Trog accepts your kill.
Press: ? - help, v - describe, . - travel
Here: a hobgoblin (strong)
The floor.
Unknown command.
Unknown command.
Reach: a) +0 spear
Press: ? - help, Dir - move target, f - goblin
Aim: a goblin, wielding a +0 club (strong, about 41% to evade your +0 spear)
The goblin is in the way.
You hit the goblin.
You kill the goblin!
Trog accepts your kill. The hobgoblin is pulled toward you!
Natasha is pulled toward you!
You have reached level 5!
You feel agile.
Reach: a) +0 spear
Press: ? - help, Dir - move target, f - hobgoblin, p - goblin
Aim: a hobgoblin (strong, about 35% to evade your +0 spear)
You hit the hobgoblin.
The hobgoblin is heavily wounded.
The hobgoblin barely misses you.
Unknown command.
Reach: a) +0 spear
Press: ? - help, Dir - move target, f/p - hobgoblin
Aim: a hobgoblin (heavily wounded, strong, about 35% to evade your +0 spear)
You hit the hobgoblin.
You kill the hobgoblin!
Trog accepts your kill. The goblin hits you with a +0 dagger.
You die...

#......## ..# ..
#..##.# # .g....
##....# #.....#
#####....>#
########...))..#
........###.)##
#......)♣gg.#
#......##...#
#......#?.###
#........##
##.#...### #
#.#.###
#.####.#.#
.........#
##......##


You could see 2 goblins.

Vanquished Creatures
  Natasha (twice) (D:2)
  Robin (D:2)
  2 adders (D:2)
  A worm (D:2)
  A dart slug (D:1)
  3 endoplasms (D:2)
  A giant cockroach (D:1)
  9 goblins
  4 hobgoblins
  3 ball pythons
  2 bats (D:1)
  4 frilled lizards
  3 kobolds
  A rat (D:2)
37 creatures vanquished.

Notes
Turn   | Place    | Note
-------+----------+-------------------------------------------
     0 | D:1      | jejorda2 the Merfolk Berserker began the quest for the Orb.
     0 | D:1      | Reached XP level 1. HP: 18/18 MP: 1/1
   271 | D:1      | Reached XP level 2. HP: 24/24 MP: 2/2
   780 | D:1      | Reached skill level 5 in Polearms
  1028 | D:2      | Found a faded altar of an unknown god.
  1057 | D:2      | Reached XP level 3. HP: 28/29 MP: 3/3
  1098 | D:2      | Found a basalt altar of Yredelemnul.
  1139 | D:2      | Noticed Natasha
  1151 | D:2      | Killed Natasha
  1248 | D:2      | Noticed Natasha
  1254 | D:2      | Reached XP level 4. HP: 27/37 MP: 4/4
  1261 | D:2      | Killed Natasha
  1262 | D:2      | Reached skill level 6 in Polearms
  1458 | D:2      | Noticed Robin
  1477 | D:2      | Noticed Natasha
  1493 | D:2      | Killed Robin
  1493 | D:2      | HP: 2/55 [goblin/+0 dagger[Robin] (2)]
  1496 | D:2      | Reached XP level 5. HP: 2/42 MP: 5/5
  1497 | D:2      | Slain by a goblin

Illustrated notes

Levels and vault maps discovered:
D:1:      amcnicky_arrival_abandoned_market, layout_loops_corners, st_stairs_4,
          minmay_tree_intersection, minmay_misc_feat_secret_circle,
          serial_bayou_pond_c
D:2:      layout_rooms, basic_altar, ebering_ecumenical_altar_box, uniq_robin,
          uniq_natasha

Skill      XL: |  1  2  3  4 |
---------------+-------------+-----
Polearms       | 5 6 |  6.4
Armour         | 2 |  2.1
Fighting       | 4 |  4.1
Dodging        | |  2.6

Action                   |  1- 3 |  4- 6 || total
-------------------------+-------+-------++-------
Melee: Spear             |    97 |    60 ||   157
Invok: Berserk           |     1 |     1 ||     2
  Use: Potion            |       |     5 ||     5
Armor: Ring mail         |    20 |    13 ||    33
       Animal skin       |     2 |       ||     2
       Skin              |       |    29 ||    29
Dodge: Dodged            |    45 |    51 ||    96

Table legend: (Time is in decaauts)
 A = Elapsed time spent in this place.
 B = Non-inter-level travel time spent in this place.
 C = Inter-level travel time spent in this place.
 D = Time resting spent in this place.
 E = Time spent auto-exploring this place.
 F = Levels seen in this place.
 G = Mean time per level.
                   A        B        C        D        E       F      G
               +--------+--------+--------+--------+--------+-----+--------+
         Total |   1494 |   1455 |     39 |    121 |   1086 |   2 |  747.0 |
       Dungeon |   1494 |   1455 |     39 |    121 |   1086 |   2 |  747.0 |
               +--------+--------+--------+--------+--------+-----+--------+

Top non-repeatable levels by time:
     D:1: 1014 daAuts
     D:2: 480 daAuts
